 Dungeon Crawl Stone Soup version 0.29.1-13-g9f3cf754e1 (webtiles) character file.

Game seed: 13242729921476808556

1153 wolfrpgdude the Shield-Bearer (level 8, -4/71 HPs)
             Began as a Minotaur Fighter on Feb 11, 2023.
             Slain by an acid dragon (11 damage)
             ... on level 5 of the Dungeon.
             The game lasted 00:09:38 (5491 turns).

wolfrpgdude the Shield-Bearer (Minotaur Fighter)    Turns: 5491, Time: 00:09:40

Health: -4/71      AC:  5    Str: 23    XL:     8   Next: 16%
Magic:  7/7        EV: 11    Int:  5    God:
Gold:   330        SH:  0    Dex: 10    Spells: 7/7 levels left

rFire   . . .      SeeInvis .   o - +4 dagger (freeze)
rCold   . . .      Faith    .   (no shield)
rNeg    . . .      Spirit   .   q - +3 leather armour
rPois   .          Reflect  .   (helmet restricted)
rElec   .          Harm     .   (no cloak)
rCorr   .          Rampage  .   m - +1 pair of gloves
Will    .....                   (no boots)
Stlth   +.........              (no amulet)
HPRegen 0.21/turn               (no ring)
MPRegen 0.10/turn               (no ring)

@: about to teleport, corroded
A: horns 2, retaliatory headbutt
a: no special abilities


You were on level 5 of the Dungeon.
You visited 1 branch of the dungeon, and saw 5 of its levels.

You collected 330 gold pieces.

Inventory:

Hand Weapons
 o - a +4 dagger of freezing (weapon)
Missiles
 p - 2 throwing nets (quivered)
Armour
 b - a +0 scale mail
 m - a +1 pair of gloves (worn)
 q - a +3 leather armour (worn)
Jewellery
 c - an amulet of reflection
 k - a +4 ring of slaying
Scrolls
 e - 2 scrolls of immolation
 g - a scroll of noise
 r - a scroll of identify
 t - a scroll of enchant armour
Potions
 d - a potion of might
 f - a potion of magic {unknown}
 h - a potion of curing
 i - 2 potions of brilliance {unknown}
 j - a potion of berserk rage {unknown}
 l - 5 potions of mutation {unknown}
 n - 3 potions of heal wounds {unknown}
 s - a potion of degeneration {unknown}


   Skills:
 + Level 6.8 Fighting
 + Level 6.3 Long Blades
 + Level 6.8 Armour
 + Level 6.8 Shields


You had 7 spell levels left.
You didn't know any spells.
Your spell library contained the following spells:

 Spells                   Type           Power      Damage    Failure   Level
 Beastly Appendage        Tmut           0%         N/A       52%         1
 Sting                    Tmut/Pois      0%         1d3       52%         1
 Ensorcelled Hibernation  Hex/Ice        0%         N/A       65%         2
 Passwall                 Tmut/Erth      0%         N/A       65%         2
 Poisonous Vapours        Pois/Air       0%         N/A       65%         2
 Wereblood                Tmut           0%         N/A       65%         2
 Spider Form              Tmut/Pois      0%         N/A       87%         3
 Swiftness                Air            0%         N/A       87%         3
 Olgreb's Toxic Radiance  Pois           0%         N/A       99%         4


Dungeon Overview and Level Annotations

Branches:
Dungeon (5/15)
 Temple: D:4-7

Altars:
Makhleb
Trog

Portals:
Abyss: D:4

Annotations:
D:4 2 transporters, AverageBear's ghost, amateur DsFi


Innate Abilities, Weirdness & Mutations

You have a pair of horns on your head.
You reflexively headbutt those who attack you in melee.


Message History

The acid dragon bites you! The acid dragon claws you.
You hit the acid dragon. You freeze the acid dragon.
Your headbutt misses the acid dragon.
The acid dragon is lightly wounded.
A hound comes into view.
The acid dragon closely misses you. You furiously retaliate!
You headbutt the acid dragon.
The acid dragon claws you but does no damage.
You hit the acid dragon but do no damage.
The acid dragon is moderately wounded.
You hit the acid dragon but do no damage.
Your headbutt misses the acid dragon.
The acid dragon is moderately wounded.
The acid dragon barely misses you. The acid dragon claws you.
You hit the acid dragon but do no damage.
Your headbutt misses the acid dragon.
The acid dragon is moderately wounded.
The acid dragon bites you! The acid dragon barely misses you.
You hit the acid dragon but do no damage.
Your headbutt misses the acid dragon.
The acid dragon is moderately wounded.
The acid dragon bites you! The acid dragon claws you.
You hit the acid dragon but do no damage.
Your headbutt misses the acid dragon.
The acid dragon is moderately wounded.
The acid dragon bites you.
The acid dragon claws you but does no damage.
You barely miss the acid dragon.
The acid dragon is moderately wounded.
The hound bites you. The acid dragon spits acid at you.
The splash of acid hits you!
* * * LOW HITPOINT WARNING * * *
You closely miss the acid dragon. Your headbutt misses the acid dragon.
The acid dragon is moderately wounded.
The hound closely misses you. The hound bites you.
* * * LOW HITPOINT WARNING * * *
As you read the scroll of teleportation, it crumbles to dust.
You feel strangely unstable. The acid dragon bites you!
You die...

############# ##### ######
............###...# #.....
##............#...###.....
........h.....#.....#.....
.........@D...#.....#.....
.........######.....#..... .....
..#.#...## ##.....#.....
.(.....#.#.#...######...........<
...#.#>#.#..........#............
....................#........#...
...#................##.......#...
...#.........##.....##.......#...
...#..#####..................###.


You could see an acid dragon (catching breath) and a hound.

Vanquished Creatures
  Grinder (D:3)
  An ogre (D:4)
  4 scorpions
  5 hounds
  An orc priest (D:3)
  Natasha (twice) (D:2)
  3 iguanas
  2 orc wizards
  9 adders
  7 gnolls
  A white imp (D:5)
  3 dart slugs
  3 worms
  19 orcs
  9 ball pythons
  6 endoplasms
  A giant cockroach (D:1)
  4 goblins
  9 hobgoblins
  6 jackals
  3 quokkas
  4 bats
  6 frilled lizards
  10 kobolds
  8 rats
127 creatures vanquished.

Notes
Turn   | Place    | Note
-------+----------+-------------------------------------------
     0 | D:1      | wolfrpgdude the Minotaur Fighter began the quest for the
                  | Orb.
     0 | D:1      | Reached XP level 1. HP: 19/19 MP: 0/0
   222 | D:1      | Reached XP level 2. HP: 25/27 MP: 1/1
   590 | D:1      | Reached XP level 3. HP: 28/33 MP: 2/2
  1196 | D:2      | Found a faded altar of an unknown god.
  1666 | D:2      | Reached XP level 4. HP: 39/41 MP: 3/3
  1803 | D:2      | Noticed Natasha
  1811 | D:2      | Killed Natasha
  1997 | D:2      | Noticed Natasha
  2000 | D:2      | Killed Natasha
  2001 | D:2      | Reached XP level 5. HP: 40/47 MP: 4/4
  2376 | D:3      | Reached skill level 5 in Fighting
  2376 | D:3      | Reached skill level 5 in Shields
  2452 | D:2      | Reached skill level 5 in Armour
  2635 | D:3      | Reached XP level 6. HP: 28/56 MP: 5/5
  3271 | D:3      | Noticed Grinder
  3283 | D:3      | Killed Grinder
  3284 | D:3      | Reached skill level 5 in Long Blades
  3284 | D:3      | Reached XP level 7. HP: 44/62 MP: 6/6
  4033 | D:4      | Noticed an ancient zyme
  4040 | D:4      | Noticed AverageBear's ghost (amateur DsFi)
  4041 | D:4      | Found a one-way gate to the infinite horrors of the Abyss.
  4058 | D:4      | Found a transporter.
  4137 | D:4      | Found a transporter.
  4832 | D:5      | Entered Level 5 of the Dungeon
  4943 | D:5      | Reached XP level 8. HP: 71/71 MP: 7/7
  5278 | D:5      | Found a bloodstained altar of Trog.
  5283 | D:5      | Found a burning altar of Makhleb.
  5491 | D:5      | Slain by an acid dragon

Illustrated notes

Levels and vault maps discovered:
D:1:      shiori_arrival_elements, layout_basic, minmay_heptomino_h4
D:2:      layout_basic, ebering_ecumenical_altar_webs, st_stairs_12,
          uniq_natasha
D:3:      layout_loops_corners, minmay_unequal, uniq_grinder
D:4:      layout_cave_pods, gammafunk_ghost_abyssal_escape
D:5:      layout_basic, mainiacjoe_overflow_catwalk_spiral,
          minmay_temple_entry_enclosed_plants

Skill      XL: |  1  2  3  4  5  6  7 |
---------------+----------------------+-----
Armour         | 4 5 6 |  6.8
Shields        | 4 5 6 |  6.8
Fighting       | 4 5 6 |  6.8
Long Blades    | 3 4 5 6 |  6.3

Action                   |  1- 3 |  4- 6 |  7- 9 || total
-------------------------+-------+-------+-------++-------
Melee: Long sword        |    36 |       |       ||    36
       Headbutt          |    10 |    22 |    23 ||    55
       Battleaxe         |    13 |       |       ||    13
       Dagger            |    42 |   132 |   142 ||   316
       Punch             |       |       |     2 ||     2
  Use: Scroll            |     5 |     5 |     4 ||    14
       Potion            |       |       |     1 ||     1
Armor: Scale mail        |    49 |    51 |    39 ||   139
       Leather armour    |       |       |     7 ||     7
       Skin              |       |       |     1 ||     1
Dodge: Dodged            |    45 |    40 |    64 ||   149
Block: Buckler           |    11 |       |       ||    11
